 Dungeon Crawl Stone Soup version 0.28-a0-1159-g27aa881441 (webtiles) character file.

Game seed: 9971593406641755936

338 mainiacjoe the Sneak (level 6, 0/35 (36) HPs)
             Began as an Octopode Ice Elementalist on Dec 16, 2021.
             Slain by a wight (2 damage)
             ... on level 4 of the Dungeon.
             The game lasted 00:08:16 (4313 turns).

mainiacjoe the Sneak (Octopode Ice Elementalist)    Turns: 4313, Time: 00:08:17

HP:   0/35 (36)     AC:  7    Str:  9    XL:     6   Next: 55%
MP:   8/10          EV: 13    Int: 17    God:
Gold: 73            SH:  0    Dex: 13    Spells: 4/11 levels left

rFire   . . .      SeeInvis .   a - +2 long sword
rCold   . . .      Faith    .   (no shield)
rNeg    . . .      Spirit   .   (helmet restricted)
rPois   .          Reflect  .   (no amulet)
rElec   .          Harm     .   f - ring of willpower
rCorr   .          Rampage  .   (no ring)
Will    +....                   (no ring)
Stlth   ++++......              (no ring)
HPRegen 0.11/turn               (no ring)
MPRegen 0.12/turn               (no ring)
                                (no ring)
                                (no ring)

@: ice-armoured, lightly drained
A: almost no armour, amphibious, 8 rings, camouflage 1, gelatinous body 1,
(nimble swimmer 1), tentacles
a: no special abilities


You were on level 4 of the Dungeon.
You visited 1 branch of the dungeon, and saw 4 of its levels.

You collected 73 gold pieces.

Inventory:

Hand Weapons
 a - a +2 long sword (weapon)
 b - a +3 spear
 w - a +0 dagger
 y - a +2 whip of venom
Missiles
 j - 32 bolts
 l - 112 stones
 n - a boomerang (quivered)
 s - 35 sling bullets
 u - 40 arrows
Jewellery
 f - a ring of willpower (left tentacle)
 x - a ring of fire
Wands
 c - a wand of iceblast (7)
 v - a wand of polymorph (4)
Scrolls
 d - a scroll of fog {unknown}
 e - a scroll of amnesia {unknown}
 h - 2 scrolls of teleportation
 i - a scroll of immolation
 q - a scroll of acquirement {unknown}
 t - a scroll of noise {unknown}
Potions
 g - 3 potions of heal wounds {unknown}
 k - 3 potions of curing {unknown}
 m - 2 potions of magic {unknown}
 o - a potion of mutation {unknown}
 p - a potion of cancellation {unknown}
 r - a potion of lignification {unknown}


   Skills:
 - Level 2.0 Dodging
 + Level 6.5 Stealth
 - Level 3.0 Spellcasting
 + Level 5.8 Ice Magic


You had 4 spell levels left.
You knew the following spells:

 Your Spells              Type           Power      Damage    Failure   Level
a - Freeze                Ice            88%        1d10      1%          1
b - Frozen Ramparts       Ice            44%        1d6       4%          3
c - Ozocubu's Armour      Ice            22%        N/A       4%          3

Your spell library contained the following spells:

 Spells                   Type           Power      Damage    Failure   Level
 Hailstorm                Conj/Ice       12%        3d5       47%         4


Dungeon Overview and Level Annotations

Branches:
Dungeon (4/15)
 Temple: D:4-7

Altars:

Shops:
D:4 =

Annotations:
D:2 exclusions: orc and orc priest


Innate Abilities, Weirdness & Mutations

You cannot wear most types of armour.
You are amphibious.
You can wear up to eight rings at the same time.
Your skin changes colour to match your surroundings (Stealth+).
Your rubbery body absorbs attacks. (AC +1, EV +1)
((You are camouflaged near water. (Stealth+)))
You have tentacles for arms and can constrict up to eight enemies at once.


Message History

A film of ice covers your body!
A wight comes into view. It is wielding a +0 battleaxe.
You throw a boomerang.
The boomerang hits the wight but does no damage.
The wight is moderately damaged.
You throw a boomerang. The boomerang closely misses the wight.
You hit the wight. You grab the wight.
The wight is moderately damaged.
You constrict the wight, but do no damage.
The wight hits you with a +3 hand axe of freezing.
The wight freezes you.
You hit the wight but do no damage.
The wight is moderately damaged.
You constrict the wight, but do no damage.
The wight hits you with a +3 hand axe of freezing.
You feel drained. The wight freezes you. The wight completely misses you.
You hit the wight.
The wight is heavily damaged.
You constrict the wight. The wight barely misses you.
You slash the wight!
You destroy the wight!
The wight hits you with a +0 battleaxe!
Your life force feels restored.
You closely miss the wight. Your grab misses the wight.
The wight barely misses you.
You hit the wight but do no damage. You grab the wight.
You constrict the wight, but do no damage.
The wight hits you with a +0 battleaxe!
* * * LOW HITPOINT WARNING * * *
The wight closely misses you.
You hit the wight.
The wight is moderately damaged.
You constrict the wight. The wight misses you.
You barely miss the wight.
The wight is moderately damaged.
You constrict the wight, but do no damage.
The wight hits you with a +0 battleaxe.
* * * LOW HITPOINT WARNING * * *
You feel drained.
You die...

#.########
........@#
#.######z#
#># #.#
#.# ##.##
. #...# .
#.#.# #
#...#


You could see a wight.

Vanquished Creatures
  2 wights (D:4)
  A hound (D:3)
  Ijyb (D:3)
  An orc wizard (D:4)
  9 adders
  15 orcs
  3 endoplasms
  2 giant cockroaches
  6 goblins
  8 hobgoblins
  7 jackals
  2 quokkas
  6 ball pythons
  4 bats
  2 frilled lizards (D:3)
  6 kobolds
  4 rats
79 creatures vanquished.

Notes
Turn   | Place    | Note
-------+----------+-------------------------------------------
     0 | D:1      | mainiacjoe the Octopode Ice Elementalist began the quest
                  | for the Orb.
     0 | D:1      | Reached XP level 1. HP: 11/11 MP: 3/3
    89 | D:1      | Reached skill level 3 in Stealth
   122 | D:1      | Found a faded altar of an unknown god.
   125 | D:1      | Reached XP level 2. HP: 17/17 MP: 3/5
   863 | D:1      | Reached XP level 3. HP: 21/21 MP: 3/6
  1148 | D:2      | Learned a level 3 spell: Frozen Ramparts
  1152 | D:2      | Learned a level 3 spell: Ozocubu's Armour
  1258 | D:2      | Reached skill level 4 in Stealth
  1417 | D:2      | Reached XP level 4. HP: 19/27 MP: 8/8
  2429 | D:3      | Noticed Ijyb
  2436 | D:3      | Killed Ijyb
  2437 | D:3      | Reached XP level 5. HP: 16/31 MP: 1/9
  2664 | D:3      | Reached skill level 5 in Stealth
  2664 | D:3      | Reached skill level 5 in Ice Magic
  3797 | D:4      | Found Cido's Jewellery Shop.
  3854 | D:4      | Reached skill level 6 in Stealth
  3854 | D:4      | Reached XP level 6. HP: 13/36 MP: 6/10
  4313 | D:4      | Slain by a wight

Illustrated notes

Levels and vault maps discovered:
D:1:      saegor_arrival_miasma, layout_basic, shapermc_ecumenical_altar_pompeii
D:2:      layout_loops_corners
D:3:      layout_basic, uniq_ijyb
D:4:      layout_loops_cross, serial_shops, nicolae_shop_hallway_plus, shop,
          shop, nicolae_shop_stone

Skill      XL: |  1  2  3  4  5 |
---------------+----------------+-----
Stealth        | 3 4 6 |  6.5
Spellcasting   | 3 |  3.0
Ice Magic      | 5 |  5.8
Dodging        | |  2.0

Action                   |  1- 3 |  4- 6 || total
-------------------------+-------+-------++-------
Melee: Club              |     1 |       ||     1
       Dagger            |     1 |       ||     1
       Whip              |    42 |    11 ||    53
       Mace              |     6 |       ||     6
       Constrict         |     9 |    14 ||    23
       Tentacles         |     5 |     7 ||    12
       Spear             |       |    33 ||    33
       Long sword        |       |    18 ||    18
Throw: Boomerang         |     5 |    77 ||    82
 Cast: Freeze            |    15 |     7 ||    22
       Frozen Ramparts   |       |    13 ||    13
       Ozocubu's Armour  |       |     4 ||     4
  Use: Scroll            |       |     2 ||     2
 Stab: Sleeping          |     4 |       ||     4
Armor: Skin              |     2 |     2 ||     4
Dodge: Dodged            |    44 |    29 ||    73

Table legend: (Time is in decaauts)
 A = Elapsed time spent in this place.
 B = Non-inter-level travel time spent in this place.
 C = Inter-level travel time spent in this place.
 D = Time resting spent in this place.
 E = Time spent auto-exploring this place.
 F = Levels seen in this place.
 G = Mean time per level.
                   A        B        C        D        E       F      G
               +--------+--------+--------+--------+--------+-----+--------+
         Total |   4352 |   4192 |    160 |    845 |   2759 |   4 | 1088.0 |
       Dungeon |   4352 |   4192 |    160 |    845 |   2759 |   4 | 1088.0 |
               +--------+--------+--------+--------+--------+-----+--------+

Top non-repeatable levels by time:
     D:3: 1557 daAuts
     D:2: 1422 daAuts
     D:1: 971 daAuts
     D:4: 401 daAuts
